[Event "Team 45 45 League T66"]
[Site "Internet Chess Club"]
[Date "2015.09.13"]
[Round "2"]
[White "PolishRyszard"]
[Black "Monterrey"]
[Result "1-0"]
[WhiteElo "1942"]
[BlackElo "1967"]
[Opening "French: Réti (Spielmann) variation"]
[ECO "C00"]
[Time "16:00:29"]
[TimeControl "2700+45"]

1. e4 e6 2. b3 d5 3. Bb2 dxe4 4. Nc3 Nf6 5. g4 Nc6 6. Bg2 e5 7. h3 Bc5 8. Nge2
Be6 9. g5 Nd5 10. Nxe4 Be7 11. d4 exd4 12. Nxd4 Nf4 13. Nxe6 fxe6 14. Qg4 O-O
15. O-O e5 16. Rad1 Nd4 17. Kh1 Nfe2 18. Bxd4 Nxd4 19. c3 Rf4 20. Qg3 Nf5 21.
Rxd8+ Rxd8 22. Qh2 Rd3 23. Re1 Nh4 24. Kg1 b6 25. Kf1 Ng6 26. Ke2 Rd8 27. Rd1
Rdf8 28. Rf1 Rd8 29. Rd1 Rdf8 30. Qg3 Nh4 31. Bh1 Nf5 32. Qd3 Nd6 33. Rf1 Kh8
34. Nxd6 Bxd6 35. Be4 g6 36. f3 a5 37. Rg1 Rh4 38. Rg3 Bc5 39. Qd5 Bd6 40. a4
Rhf4 41. b4 axb4 42. cxb4 Rb8 43. Rg4 Rff8 44. h4 Rfe8 45. h5 Kg7 46. hxg6 hxg6
47. Rh4 Rh8 48. Rh6 {Black resigns} 1-0

[Event "Team 45 45 League T66"]
[Site "Internet Chess Club"]
[Date "2015.09.08"]
[Round "2"]
[White "chsrules88"]
[Black "lingicer2003"]
[Result "1/2-1/2"]
[WhiteElo "2027"]
[BlackElo "1940"]
[Opening "Sicilian: accelerated fianchetto, modern variation"]
[ECO "B73"]
[Time "20:00:38"]
[TimeControl "2700+45"]

1. e4 c5 2. Nf3 g6 3. d4 cxd4 4. Nxd4 Nc6 5. Nc3 Bg7 6. Be3 Nf6 7. Be2 O-O 8.
O-O d6 9. a3 Bd7 10. h3 Nxd4 11. Bxd4 Bc6 12. Qd3 Nd7 13. Bxg7 Kxg7 14. Qd4+ Kg8
15. Bc4 Qb6 16. Qxb6 Nxb6 17. Bb3 Nd7 18. Rfe1 Kg7 19. Rad1 a6 20. f4 Rac8 21.
e5 dxe5 22. fxe5 Nc5 23. Bd5 Rfd8 24. Bxc6 bxc6 25. b4 Ne6 26. Ne4 Rd5 27. Nf2
Rcd8 28. Rxd5 cxd5 29. Rd1 g5 30. Rd3 Kg6 31. Rc3 a5 32. b5 a4 33. Rc6 Rb8 34.
b6 Kf5 35. Nd3 d4 36. Kf2 Ke4 37. g3 h5 38. Ke2 h4 39. gxh4 gxh4 40. Kd2 Kf3 41.
Nb4 Kg3 42. Na6 Rb7 43. Nc7 Kxh3 44. Nxe6 fxe6 45. Kd3 Kg4 46. Ke4 h3 47. Rxe6
Kg5 48. Kf3 h2 49. Kg2 Kf5 50. Rh6 Kxe5 51. Kxh2 e6 52. Rh5+ Ke4 53. Rb5 Ke3 54.
Kg3 Kd2 55. Kf4 Kxc2 56. Rc5+ Kb3 57. Rb5+ Kc4 58. Rb4+ Kc3 59. Rb5 d3 60. Ke3
e5 61. Rc5+ Kb3 62. Rb5+ Kc4 63. Rb1 Kc3 64. Rc1+ Kb2 65. Rc6 e4 66. Rd6 Kxa3
67. Kxe4 d2 68. Rd3+ Kb4 69. Rxd2 Rxb6 70. Rb2+ Ka5 71. Rxb6 Kxb6 72. Kd4 Kb5
73. Kc3 Kc5 74. Kb2 Kb4 75. Ka1 Ka3 76. Kb1 Kb3 77. Ka1 a3 78. Kb1 Kc3 79. Ka1
Kb3 80. Kb1 a2+ 81. Ka1 Ka3 {White stalemated} 1/2-1/2

[Event "Team 45 45 League T66"]
[Site "Internet Chess Club"]
[Date "2015.09.13"]
[Round "2"]
[White "LittleButton"]
[Black "fishhead"]
[Result "0-1"]
[WhiteElo "1835"]
[BlackElo "1818"]
[Opening "King's Indian: Torre attack"]
[ECO "A48"]
[Time "15:01:08"]
[TimeControl "2700+45"]

1. d4 Nf6 2. Nf3 g6 3. Bg5 Bg7 4. Nbd2 d6 5. e4 h6 6. Bh4 g5 7. Bg3 Nh5 8. c3
Bg4 9. Qb3 Qc8 10. Bc4 O-O 11. Ng1 Nc6 12. Qc2 e5 13. d5 Ne7 14. f3 Bd7 15. Ne2
f5 16. exf5 Nxf5 17. Bf2 Nf4 18. Nxf4 gxf4 19. Bd3 c6 20. Be4 Ne7 21. Bh4 Bf6
22. Bxf6 Rxf6 23. Qb3 Kg7 24. c4 Ng6 25. Rg1 cxd5 26. Bxd5 Bc6 27. Ne4 Bxd5 28.
cxd5 Rf7 29. Nxd6 Qc5 30. Nxf7 Qxg1+ 31. Kd2 Qxg2+ 32. Kd1 Qg1+ 33. Kd2 Qxh2+
34. Kd3 e4+ 35. Kxe4 Re8+ 36. Kd4 Qf2+ 37. Kc4 Rc8+ 38. Kb4 Qb6+ 39. Ka3 Qa5+
40. Qa4 Qxa4+ 41. Kxa4 Kxf7 {White resigns} 0-1

[Event "Team 45 45 League T66"]
[Site "Internet Chess Club"]
[Date "2015.09.12"]
[Round "2"]
[White "otherook"]
[Black "chessabc"]
[Result "1/2-1/2"]
[WhiteElo "1725"]
[BlackElo "1827"]
[Opening "English opening"]
[ECO "A15"]
[Time "07:01:47"]
[TimeControl "2700+45"]

1. c4 Nf6 2. Nf3 b6 3. g3 Bb7 4. Bg2 e6 5. O-O Be7 6. Nc3 d5 7. cxd5 Nxd5 8. Ne5
Nxc3 9. dxc3 Bxg2 10. Qxd8+ Bxd8 11. Kxg2 f6 12. Nf3 c5 13. Rd1 Bc7 14. b4 Nd7
15. bxc5 Nxc5 16. Ba3 e5 17. Bxc5 bxc5 18. Rd5 Bb6 19. c4 Ke7 20. Rad1 Rhd8 21.
Rxd8 Rxd8 22. Rxd8 Bxd8 23. e4 Kd7 24. Kf1 Ba5 25. Ne1 Kc6 26. Nc2 Bc3 27. Ke2
g6 28. g4 a6 29. h3 Kb6 30. f3 Kc6 31. Kd3 Bb2 32. Ke2 Kd6 33. Kd3 Ke6 34. Ne3
a5 35. a4 Bd4 36. Ke2 Bxe3 37. Kxe3 g5 38. Kf2 Kf7 39. Kg2 Kg6 40. Kg3 h5 41.
Kg2 h4 42. Kf2 Kf7 43. Kf1 Ke6 44. Ke2 Kd6 45. Kd3 Ke6 46. Ke2 Kd6 47. Kd3 Ke6
48. Ke2 {Game drawn by repetition} 1/2-1/2

[Event "Team 45 45 League T66"]
[Site "Internet Chess Club"]
[Date "2015.09.13"]
[Round "2"]
[White "Portola"]
[Black "LordKinbote"]
[Result "1-0"]
[WhiteElo "1826"]
[BlackElo "1642"]
[Opening "Queen's pawn game"]
[ECO "A45"]
[Time "09:00:28"]
[TimeControl "2700+45"]

1. d4 Nf6 2. c3 d5 3. Nf3 Nc6 4. Bg5 Ne4 5. Bh4 f6 6. e3 Qd6 7. Nbd2 e5 8. Nxe4
dxe4 9. Nd2 f5 10. dxe5 Nxe5 11. Nc4 Qh6 12. Qd8+ Kf7 13. Nxe5+ Ke6 14. Bc4+
Kxe5 15. Qd4# {Black checkmated} 1-0

[Event "Team 45 45 League T66"]
[Site "Internet Chess Club"]
[Date "2015.09.13"]
[Round "2"]
[White "Whalen"]
[Black "rubo"]
[Result "1-0"]
[WhiteElo "1649"]
[BlackElo "1637"]
[Opening "Benkö gambit"]
[ECO "A57"]
[Time "15:00:30"]
[TimeControl "2700+45"]

1. d4 Nf6 2. c4 c5 3. d5 b5 4. Qc2 g6 5. e4 d6 6. h3 Bg7 7. Nf3 Nbd7 8. Bd3 O-O
9. O-O Qb6 10. cxb5 a6 11. Nc3 axb5 12. Bxb5 Ba6 13. Qd3 Rfb8 14. Bxa6 Rxa6 15.
Nd2 Ne5 16. Qe2 Ne8 17. Kh1 Nc7 18. f4 Nd7 19. Nc4 Qa7 20. e5 Nb6 21. Nxb6 Qxb6
22. Re1 dxe5 23. fxe5 Ra7 24. Rd1 Ne8 25. Rb1 Rd7 26. Bf4 Qb4 27. Qe3 Rbd8 28.
a3 Qc4 29. b3 Qa6 30. Qxc5 e6 31. d6 Nxd6 32. exd6 Rc8 33. Qb5 Qc6 34. Qxc6 Rxc6
35. Nb5 Bf8 36. Rbc1 Rxc1 37. Rxc1 Kg7 38. a4 f6 39. Rc7 Rf7 40. Rxf7+ Kxf7 41.
a5 e5 42. a6 {Black resigns} 1-0

[Event "Team 45 45 League T66"]
[Site "Internet Chess Club"]
[Date "2015.09.15"]
[Round "2"]
[White "Visin"]
[Black "parrot9"]
[Result "0-1"]
[WhiteElo "1206"]
[BlackElo "1688"]
[Opening "Sicilian: Najdorf, Lipnitzky attack"]
[ECO "B86"]
[Time "15:00:18"]
[TimeControl "2700+45"]

1. e4 c5 2. Nf3 d6 3. d4 cxd4 4. Nxd4 Nf6 5. Nc3 a6 6. Bc4 e6 7. O-O Qc7 8. Bd3
Be7 9. Be3 Nbd7 10. f4 b5 11. Nce2 Bb7 12. Ng3 O-O 13. b3 Rfd8 14. Qe2 Rac8 15.
Rac1 Nc5 16. Bd2 d5 17. e5 Nfe4 18. Qe1 Nxd2 19. Qxd2 Ne4 20. Qe1 Qb6 21. Kh1
Qxd4 22. Bxe4 dxe4 23. c3 Qd5 24. Qe2 e3 25. Rfd1 Qc6 26. Nf1 Rxd1 27. Rxd1 Rd8
28. Nxe3 Rxd1+ 29. Qxd1 h6 30. Qd2 Bc5 31. Nf1 Qd5 32. Qe2 Qe4 33. Qd2 Bd5 34.
Ng3 Qb1+ {White resigns} 0-1

[Event "Team 45 45 League T66"]
[Site "Internet Chess Club"]
[Date "2015.09.12"]
[Round "2"]
[White "ausya"]
[Black "az2112"]
[Result "1-0"]
[WhiteElo "1720"]
[BlackElo "1597"]
[Opening "Giuoco Pianissimo"]
[ECO "C50"]
[Time "11:01:34"]
[TimeControl "2700+45"]

1. e4 e5 2. Nf3 Nc6 3. Bc4 Bc5 4. d3 d6 5. O-O Nf6 6. h3 h6 7. Nc3 a6 8. Be3
Bxe3 9. fxe3 Na5 10. Bb3 Nxb3 11. axb3 Be6 12. d4 exd4 13. exd4 Qe7 14. Qd3 O-O
15. Rae1 Rad8 16. Ne2 d5 17. e5 Ne4 18. Nd2 Nxd2 19. Qxd2 f6 20. Nf4 fxe5 21.
Rxe5 Rd6 22. Rfe1 Rf6 23. Nxd5 {Black resigns} 1-0

[Event "Team 45 45 League T66"]
[Site "Internet Chess Club"]
[Date "2015.09.13"]
[Round "2"]
[White "Innes"]
[Black "bluesun"]
[Result "1-0"]
[WhiteElo "1589"]
[BlackElo "1529"]
[Opening "King's gambit"]
[ECO "C30"]
[Time "16:02:59"]
[TimeControl "2700+45"]

1. e4 e5 2. f4 f6 3. Nf3 Nc6 4. Bc4 Bc5 5. d4 Nxd4 6. Nxd4 Bxd4 7. f5 c6 8. Qh5+
g6 9. fxg6 d5 10. g7+ Ke7 11. gxh8=Q dxc4 12. Q5xh7+ Kd6 13. Q8xg8 Qxg8 14. Qxg8
b5 15. Rf1 Bb7 16. Rxf6+ Kc5 17. Rf8 Rxf8 18. Qxf8+ Kb6 19. Qd8+ Ka6 20. Qxd4
exd4 21. h4 Bc8 22. h5 Be6 23. h6 Bg8 24. e5 Kb7 25. e6 Kc7 26. Bf4+ Kd8 27.
Bg5+ Ke8 28. e7 Bh7 29. Kd2 b4 30. c3 bxc3+ 31. bxc3 d3 32. Na3 Bg8 33. Nxc4 Bh7
34. Ne5 c5 35. Rb1 Bf5 36. Rb8+ Bc8 37. Rxc8# {Black checkmated} 1-0

[Event "Team 45 45 League T66"]
[Site "Internet Chess Club"]
[Date "2015.09.11"]
[Round "2"]
[White "mindstorm"]
[Black "drsigmund1"]
[Result "1-0"]
[WhiteElo "1616"]
[BlackElo "1504"]
[Opening "Giuoco Piano"]
[ECO "C54"]
[Time "20:15:10"]
[TimeControl "2700+45"]

1. e4 e5 2. Nf3 Nc6 3. Bc4 Bc5 4. c3 Nf6 5. d4 exd4 6. cxd4 Bb4+ 7. Bd2 Nxe4 8.
Bxb4 Nxb4 9. Bxf7+ Kf8 10. Bb3 d5 11. O-O Bg4 12. h3 Bh5 13. a3 Nc6 14. Re1 Qf6
15. Bxd5 Ng5 16. Bxc6 bxc6 17. Re3 Re8 18. Rxe8+ Kxe8 19. Qe1+ Kf7 20. Nxg5+
Qxg5 21. Nc3 Re8 22. Qf1 Be2 23. Nxe2 {Black resigns} 1-0

[Event "Team 45 45 League T66"]
[Site "Internet Chess Club"]
[Date "2015.09.13"]
[Round "2"]
[White "dabodhi"]
[Black "viktory"]
[Result "0-1"]
[WhiteElo "1355"]
[BlackElo "1678"]
[Opening "Caro-Kann: two knights, 3...Bg4"]
[ECO "B10"]
[Time "15:01:16"]
[TimeControl "2700+45"]

1. e4 c6 2. Nf3 d5 3. Nc3 Bg4 4. h3 Bxf3 5. Qxf3 e6 6. e5 Nd7 7. d4 c5 8. Be3
Qb6 9. Bb5 cxd4 10. Bxd7+ Kxd7 11. Qxf7+ Ne7 12. O-O-O dxe3 13. Nxd5 exd5 14.
Rxd5+ Kc7 15. Rd6 Qb5 16. fxe3 Qxe5 17. Re6 Qf5 18. Rxe7+ Bxe7 19. Qxf5 Rhe8 20.
Qf4+ Bd6 21. Qc4+ Kd7 22. Qg4+ Kc6 23. Qc4+ Kd7 24. e4 Rac8 25. Qb5+ Kc7 26. Rf1
Rxe4 27. Rf7+ Re7 28. Rxe7+ Bxe7 29. Qe5+ Bd6 30. Qxg7+ Kb8 31. Qxh7 Rd8 32. b3
Ba3+ {White resigns} 0-1

[Event "Team 45 45 League T66"]
[Site "Internet Chess Club"]
[Date "2015.09.13"]
[Round "2"]
[White "QuieroAprender"]
[Black "unclevinny"]
[Result "0-1"]
[WhiteElo "1761"]
[BlackElo "1612"]
[Opening "Danish gambit"]
[ECO "C21"]
[Time "20:12:33"]
[TimeControl "2700+45"]

1. e4 e5 2. d4 exd4 3. c3 dxc3 4. Bc4 Qe7 5. Nxc3 c6 6. Kf1 Nf6 7. Bd3 g6 8. Bf4
Nh5 9. Be3 Bg7 10. g4 Bxc3 11. bxc3 Ng7 12. f4 d6 13. h3 Nd7 14. Nf3 Nc5 15.
Bxc5 dxc5 16. f5 gxf5 17. exf5 b5 18. Kg2 O-O 19. Re1 Qd7 20. Qc2 f6 21. Rad1
Qc7 22. g5 fxg5 23. Nxg5 Bxf5 24. Bxf5 Nxf5 25. Ne6 Qg3+ 26. Kh1 Qxh3+ 27. Qh2
Qf3+ 28. Kg1 Qg4+ 29. Kh1 Qf3+ 30. Kg1 Rf6 31. Nf4 Qg4+ 32. Ng2 Rh6 33. Qe5 Ng3
34. Ne3 Ne2+ 35. Kf2 Rf8+ 36. Nf5 Rxf5+ 37. Qxf5 Rh2+ 38. Ke3 Qxf5 {White
resigns} 0-1

[Event "Team 45 45 League T66"]
[Site "Internet Chess Club"]
[Date "2015.09.08"]
[Round "2"]
[White "KidRattler"]
[Black "drsigmund1"]
[Result "1-0"]
[WhiteElo "1739"]
[BlackElo "1516"]
[Opening "Queen's pawn"]
[ECO "A40"]
[Time "18:58:06"]
[TimeControl "2700+45"]

1. d4 e6 2. Nf3 f5 3. Bg5 Nf6 4. e3 h6 5. Bxf6 Qxf6 6. c4 Bb4+ 7. Nbd2 b6 8. a3
Be7 9. Bd3 Bb7 10. Qc2 d6 11. O-O-O Nd7 12. e4 O-O-O 13. Rde1 g6 14. Nb3 Qg5+
15. Nxg5 {Black resigns} 1-0

[Event "Team 45 45 League T66"]
[Site "Internet Chess Club"]
[Date "2015.09.12"]
[Round "2"]
[White "BrianWood"]
[Black "stanbeers"]
[Result "0-1"]
[WhiteElo "1490"]
[BlackElo "1475"]
[Opening "English opening"]
[ECO "A13"]
[Time "20:00:23"]
[TimeControl "2700+45"]

1. c4 e6 2. Nf3 Nf6 3. g3 Nc6 4. Bg2 d5 5. cxd5 exd5 6. d4 Be7 7. O-O O-O 8. Nc3
a6 9. a3 Bf5 10. Bf4 Nh5 11. Bd2 Nf6 12. Nh4 Be6 13. e3 Qd7 14. Nf3 Bh3 15. Ne5
Nxe5 16. dxe5 Bxg2 17. Kxg2 Ne4 18. Nxe4 dxe4 19. Bc3 Qf5 20. f4 Rad8 21. Qb3 b5
22. Bb4 c5 23. Bc3 Qg4 24. Qc2 Rd3 25. Rae1 Rfd8 26. Rf2 h6 27. h3 Qg6 28. Rd2
Bh4 29. Rxd3 Qxg3+ 30. Kh1 Qxh3+ 31. Qh2 Qf3+ {White resigns} 0-1

[Event "Team 45 45 League T66"]
[Site "Internet Chess Club"]
[Date "2015.09.11"]
[Round "2"]
[White "Just-Jim"]
[Black "Kandor"]
[Result "1-0"]
[WhiteElo "1357"]
[BlackElo "1316"]
[Opening "Queen's pawn game"]
[ECO "D00"]
[Time "18:30:20"]
[TimeControl "2700+45"]

1. d4 d5 2. f4 Nc6 3. e3 e6 4. Nf3 Bb4+ 5. c3 Be7 6. a3 Nf6 7. Be2 O-O 8. O-O
Ne4 9. Nbd2 Nf6 10. Ne5 Nxe5 11. fxe5 Ne8 12. e4 f5 13. exd5 Qxd5 14. Bc4 Qc6
15. b3 b5 16. Be2 Qxc3 17. Ra2 Qxd4+ 18. Kh1 Qxe5 19. Bf3 Bd6 20. g3 Rb8 21. Re1
Qc3 22. Bb2 Qd3 23. Be5 Bb7 24. Bxd6 Bxf3+ 25. Nxf3 Qxd6 26. Qxd6 cxd6 27. Rxe6
Rd8 28. Rd2 d5 29. Re5 Rc8 30. Rexd5 Rc1+ 31. Kg2 Nc7 32. Rd7 Re8 33. Rd8 Rxd8
34. Rxd8+ Kf7 35. Rd7+ Kf6 36. h4 h6 37. Nd4 a6 38. Rd6+ Ke5 39. Rd8 Rd1 40.
Nf3+ {Black resigns} 1-0

[Event "Team 45 45 League T66"]
[Site "Internet Chess Club"]
[Date "2015.09.11"]
[Round "2"]
[White "Invicta-Knight"]
[Black "skuhl99"]
[Result "1-0"]
[WhiteElo "1592"]
[BlackElo "1516"]
[Opening "Pirc: Byrne variation"]
[ECO "B07"]
[Time "07:05:55"]
[TimeControl "2700+45"]

1. e4 d6 2. d4 Nf6 3. Nc3 g6 4. Bg5 Bg7 5. Nf3 h6 6. Be3 a6 7. Qd2 Ng4 8. O-O-O
Nxe3 9. fxe3 Nd7 10. Bc4 O-O 11. a3 b5 12. Ba2 c5 13. dxc5 Nxc5 14. e5 Bb7 15.
exd6 Bxc3 16. Qxc3 Ne4 17. dxe7 Qxe7 18. Qe5 Qxe5 19. Nxe5 Nf2 20. Nxg6 Nxh1 21.
Nxf8 Kxf8 22. Rxh1 Bxg2 23. Rg1 Be4 24. b4 Rd8 25. Rd1 Rxd1+ 26. Kxd1 Ke7 27. c4
bxc4 28. Bxc4 Bb7 29. Kd2 f6 30. Kd3 Kd6 31. Kd4 Bc8 32. e4 Bb7 33. a4 Bc8 34.
b5 axb5 35. axb5 Bb7 36. Bd5 Bxd5 37. exd5 f5 38. b6 f4 39. Ke4 f3 40. Kxf3
{Black resigns} 1-0

[Event "Team 45 45 League T66"]
[Site "Internet Chess Club"]
[Date "2015.09.12"]
[Round "2"]
[White "PaulRichard"]
[Black "BrerRabbit"]
[Result "1-0"]
[WhiteElo "1629"]
[BlackElo "1448"]
[Opening "Pirc: Ufimtsev-Pytel variation"]
[ECO "B07"]
[Time "19:01:15"]
[TimeControl "2700+45"]

1. e4 d6 2. d4 Nf6 3. Nc3 c6 4. f4 Qa5 5. Bd3 e5 6. Nf3 exd4 7. Nxd4 g6 8. O-O
Bg7 9. Kh1 O-O 10. f5 Nbd7 11. Qe1 Ne5 12. Qg3 Nxd3 13. cxd3 Qe5 14. Nde2 Qxg3
15. Nxg3 Rd8 16. fxg6 hxg6 17. Bg5 Re8 18. Bxf6 Bh6 19. Rae1 b6 20. h3 Be6 21.
Re2 Bg7 22. Bxg7 Kxg7 23. Ref2 Rad8 24. Nge2 b5 25. Nd4 {Black resigns} 1-0

[Event "Team 45 45 League T66"]
[Site "Internet Chess Club"]
[Date "2015.09.11"]
[Round "2"]
[White "bardu"]
[Black "GideonL"]
[Result "1-0"]
[WhiteElo "1306"]
[BlackElo "1495"]
[Opening "QGD Slav: 4.Nc3"]
[ECO "D15"]
[Time "20:04:09"]
[TimeControl "2700+45"]

1. d4 d5 2. c4 c6 3. Nf3 Nf6 4. Nc3 Bf5 5. cxd5 cxd5 6. Qb3 b6 7. Bg5 e6 8. e4
Bxe4 9. Bb5+ Nbd7 10. Ne5 Be7 11. Bxf6 Bxf6 12. Nxd7 Qxd7 13. Bxd7+ Kxd7 14.
Nxe4 dxe4 15. O-O Rhc8 16. Rac1 Be7 17. d5 Bc5 18. dxe6+ fxe6 19. Qa4+ Ke7 20.
Qxe4 {Black resigns} 1-0

[Event "Team 45 45 League T66"]
[Site "Internet Chess Club"]
[Date "2015.09.13"]
[Round "2"]
[White "Uku"]
[Black "Andaluz"]
[Result "0-1"]
[WhiteElo "1322"]
[BlackElo "1365"]
[Opening "Sicilian defense"]
[ECO "B20"]
[Time "12:00:36"]
[TimeControl "2700+45"]

1. e4 c5 2. Bc4 e6 3. f4 d5 4. exd5 exd5 5. Bb5+ Bd7 6. Qe2+ Be7 7. Bxd7+ Qxd7
8. Qe5 Nf6 9. Qg5 g6 10. Nc3 h6 11. Qe5 Nc6 12. Qe3 d4 13. Qd3 dxc3 14. dxc3
Qxd3 15. cxd3 Bd6 16. Nf3 Nd5 17. O-O Nxf4 18. Nh4 Nh5 19. c4 Nd4 20. Kh1 g5 21.
Nf5 Nxf5 22. Rxf5 O-O 23. g4 Nf4 24. Rf6 Be5 25. Rxh6 Kg7 26. Bxf4 Bxf4 27. Rh3
Rh8 28. Rh5 Rxh5 29. gxh5 Rh8 30. Re1 Rxh5 31. Re2 Kf8 32. a3 Rh3 33. b4 Rxd3
34. bxc5 Rd1+ 35. Kg2 Rd2 36. Rxd2 Bxd2 37. c6 bxc6 38. a4 a6 39. h3 Ke7 40. Kf3
Kd6 41. Ke4 Kc5 42. Kd3 Bc1 43. Kc3 f5 44. Kc2 Be3 45. Kd3 Bd4 46. Kc2 Kxc4 47.
Kd2 Kb4 48. Kd3 c5 49. Kc2 Kxa4 50. Kd3 Kb3 51. Kd2 a5 52. Kc1 a4 53. Kb1 a3 54.
h4 gxh4 55. Kc1 a2 56. Kd1 a1=Q+ 57. Ke2 Qg1 58. Kf3 Qg4# {White checkmated} 0-1

[Event "Team 45 45 League T66"]
[Site "Internet Chess Club"]
[Date "2015.09.13"]
[Round "2"]
[White "SeniorCitizen"]
[Black "Striker3000"]
[Result "1-0"]
[WhiteElo "1378"]
[BlackElo "1402"]
[Opening "Danish gambit: Sorensen defense"]
[ECO "C21"]
[Time "14:00:14"]
[TimeControl "2700+45"]

1. e4 e5 2. d4 exd4 3. c3 d5 4. Qxd4 dxe4 5. Qxd8+ Kxd8 6. Be3 Nf6 7. Nd2 Bf5 8.
Ne2 c5 9. Ng3 Bg6 10. Be2 Nc6 11. O-O-O Ke8 12. Bb5 Rc8 13. Rhe1 a6 14. Ba4 h5
15. Bc2 b5 16. Ngxe4 Nxe4 17. Nxe4 Bxe4 18. Bxe4 Be7 19. Bf3 Kf8 20. Rd5 Na5 21.
Be2 g6 22. Red1 Kg7 23. Rd7 Bf6 24. Ra7 Rc6 25. Rdd7 Rf8 26. Bf3 Rcc8 27. Bd5 b4
28. c4 b3 29. a3 Bd8 30. Rxf7+ Rxf7 {Black resigns} 1-0

[Event "Team 45 45 League T66"]
[Site "Internet Chess Club"]
[Date "2015.09.13"]
[Round "2"]
[White "Jiawen5"]
[Black "Brazuka"]
[Result "0-1"]
[WhiteElo "1104"]
[BlackElo "1115"]
[Opening "Sicilian defense"]
[ECO "B32"]
[Time "16:00:28"]
[TimeControl "2700+45"]

1. e4 c5 2. Nf3 Nc6 3. d4 e6 4. d5 exd5 5. exd5 Qe7+ 6. Qe2 Nd4 7. Qxe7+ Nxe7 8.
Bd3 Nxd5 9. Nxd4 cxd4 10. O-O a6 11. Bd2 Bd6 12. Re1+ Ne7 13. c3 dxc3 14. Nxc3
O-O 15. Bg5 Nc6 16. b3 Bb4 17. Rac1 b5 18. Re4 Bb7 19. Nd5 Kh8 20. Rd4 Nxd4 21.
Be7 Rfc8 22. Rxc8+ Rxc8 23. Nxb4 Rc1+ 24. Bf1 Ne2+ 25. Kh1 Rxf1# {White
checkmated} 0-1

[Event "Team 45 45 League T66"]
[Site "Internet Chess Club"]
[Date "2015.09.12"]
[Round "2"]
[White "oldbookseller"]
[Black "princevultan2"]
[Result "0-1"]
[WhiteElo "1092"]
[BlackElo "1178"]
[Opening "Queen's pawn game"]
[ECO "D04"]
[Time "14:00:33"]
[TimeControl "2700+45"]

1. d4 d5 2. Nf3 Nf6 3. e3 c6 4. c3 Bg4 5. Nbd2 Bf5 6. Ne5 g6 7. Ndf3 Bh6 8. Be2
O-O 9. O-O Ne4 10. Bd3 Nd7 11. Nh4 Nxe5 12. Nxf5 Nxd3 13. Nxh6+ Kg7 14. Qxd3
Kxh6 15. f3 Nf6 16. e4+ Kg7 17. Qe3 Kg8 18. e5 Nd7 19. e6 Nf6 20. h3 Qc8 21. g4
fxe6 22. g5 Nh5 23. Qe5 Rf7 24. f4 Rf5 25. Qe3 Qc7 26. Qe1 Kf7 27. Bd2 Nxf4 28.
Qh4 Ne2+ 29. Kg2 Rh8 30. Rxf5+ exf5 31. Rf1 a6 32. Qe1 Qb6 33. b4 Qb5 34. Bf4
Nxf4+ 35. Rxf4 Qc4 36. Qe5 Rg8 37. h4 Qxa2+ 38. Kg3 Qc4 39. h5 Qxc3+ 40. Kh4 Qd2
41. hxg6+ hxg6 42. Qc7 Qh2# {White checkmated} 0-1

[Event "Team 45 45 League T66"]
[Site "Internet Chess Club"]
[Date "2015.09.15"]
[Round "2"]
[White "mongmong"]
[Black "dabodhi"]
[Result "1-0"]
[WhiteElo "1608"]
[BlackElo "1349"]
[Opening "King's Indian: fianchetto, classical variation, 8.e4"]
[ECO "E68"]
[Time "20:09:16"]
[TimeControl "2700+45"]

1. d4 Nf6 2. Nf3 g6 3. c4 Bg7 4. g3 d6 5. Bg2 O-O 6. Nc3 e5 7. e4 Nbd7 8. O-O a5
9. h3 Rb8 10. Be3 b6 11. Qc2 Bb7 12. Rad1 Ne8 13. dxe5 Nxe5 14. Nxe5 Bxe5 15. f4
Bg7 16. c5 Qe7 17. cxb6 cxb6 18. Qd3 Rd8 19. b3 Nc7 20. Bxb6 Bxc3 21. Qxc3 Rd7
22. Bxc7 Rxc7 23. Qd4 Rd8 24. e5 Rc2 25. Rf2 Rxf2 26. Kxf2 Bxg2 27. Kxg2 d5 28.
Rd2 Qb7 29. Kf2 Qd7 30. Kg2 Qe6 31. Rc2 Rc8 32. Rc5 Rxc5 33. Qxc5 Qd7 34. Qd6
Qb7 35. Qd8+ Kg7 36. Qf6+ Kg8 37. e6 d4+ 38. Kf2 d3 39. Qxf7+ Qxf7 40. exf7+
Kxf7 41. Ke3 Ke6 42. Kxd3 Kd5 43. a3 h6 44. g4 h5 45. b4 axb4 46. axb4 h4 47. b5
Kd6 48. Ke4 Kc5 49. Ke5 Kxb5 50. Kf6 Kc6 51. Kxg6 Kd6 52. f5 Ke7 53. Kg7 Ke8 54.
f6 {Black resigns} 1-0

[Event "Team 45 45 League T66"]
[Site "Internet Chess Club"]
[Date "2015.09.13"]
[Round "2"]
[White "jjaillet2007"]
[Black "stantheman59"]
[Result "1-0"]
[WhiteElo "1266"]
[BlackElo "1224"]
[Opening "QGD: 3.Nc3"]
[ECO "D31"]
[Time "20:03:51"]
[TimeControl "2700+45"]

1. d4 e6 2. c4 d5 3. Nc3 Bb4 4. a3 Bxc3+ 5. bxc3 b6 6. cxd5 Qxd5 7. Nf3 Bb7 8.
e3 Ne7 9. Bd3 Ba6 10. Bxa6 Nxa6 11. Qa4+ Qc6 12. Qxc6+ Nxc6 13. Ke2 f6 14. Rd1
Rd8 15. Nd2 Nab8 16. Nc4 Nd7 17. d5 exd5 18. Rxd5 Ne7 19. Rd1 O-O 20. a4 a5 21.
Ba3 c5 22. Rd6 Nc8 23. Rd3 Rfe8 24. Rad1 Re7 25. g4 Na7 26. Nxb6 Nc6 27. Nxd7
Ne5 28. Nxe5 Rxd3 29. Nxd3 c4 30. Bxe7 cxd3+ 31. Rxd3 Kf7 32. Bd8 Ke6 33. c4 g6
34. c5 f5 35. gxf5+ Kxf5 36. c6 Ke4 37. c7 h5 38. c8=Q g5 39. Qe6# {Black
checkmated} 1-0

[Event "Team 45 45 League T66"]
[Site "Internet Chess Club"]
[Date "2015.09.12"]
[Round "2"]
[White "rhayder"]
[Black "Just-Jim"]
[Result "0-1"]
[WhiteElo "1340"]
[BlackElo "1373"]
[Opening "Lengfellner system"]
[ECO "B07"]
[Time "13:17:43"]
[TimeControl "2700+45"]

1. e4 d6 2. d4 e6 3. Nf3 f5 4. e5 Be7 5. Be2 g5 6. h3 Nh6 7. Nh2 dxe5 8. Bh5+
Nf7 9. Bxf7+ Kxf7 10. dxe5 Qxd1+ 11. Kxd1 Nc6 12. Nf3 h6 13. Nc3 a6 14. Ke2 g4
15. hxg4 fxg4 16. Ne1 Nd4+ 17. Kf1 h5 18. Be3 Nf5 19. Bd2 Kg6 20. Nd3 Bd7 21.
Nf4+ Kf7 22. Rxh5 Rxh5 23. Nxh5 Rh8 24. Nf4 Rh1+ 25. Ke2 Rxa1 {White resigns}
0-1

[Event "Team 45 45 League T66"]
[Site "Internet Chess Club"]
[Date "2015.09.14"]
[Round "2"]
[White "bhandelman"]
[Black "Fogbound"]
[Result "1-0"]
[WhiteElo "1211"]
[BlackElo "1265"]
[Opening "English opening"]
[ECO "A20"]
[Time "14:11:25"]
[TimeControl "2700+45"]

1. c4 e5 2. g3 Nf6 3. Bg2 Nc6 4. Nc3 Bb4 5. a3 Ba5 6. b4 Bb6 7. c5 d5 8. cxb6
axb6 9. e3 O-O 10. Nge2 Bg4 11. h3 Bf5 12. O-O Qd7 13. Kh2 Rfe8 14. d4 h6 15.
dxe5 Nxe5 16. Nxd5 Nfg4+ 17. hxg4 Nxg4+ 18. Kg1 Rad8 19. Qd4 Ne5 20. Bb2 Bh3 21.
Bxh3 Nf3+ 22. Kg2 Nxd4 23. Bxd7 Rxd7 24. Ndc3 Nb3 25. Rad1 Rd2 26. Rxd2 Nxd2 27.
Rd1 Nc4 28. Bc1 Nd6 29. f4 f5 30. Kf3 Nc4 31. Nd4 g6 32. b5 Nd6 33. Nd5 Kf7 34.
Nxc7 Rc8 35. Nde6 Nxb5 36. Nd8+ Kf6 37. Nxb5 {Black forfeits on time} 1-0